 Dungeon Crawl Stone Soup version 0.19.1 (webtiles) character file.

413 Pixllover the Cudgeler (level 6, -2/61 HPs)
             Began as a Troll Berserker on Dec 18, 2016.
             Was a Priest of Trog.
             Slain by a gnoll
             ... wielding a +0 spear
              (9 damage)
             ... on level 4 of the Dungeon.
             The game lasted 00:20:28 (3251 turns).

Pixllover the Cudgeler (Troll Berserker)            Turns: 3251, Time: 00:20:29

Health: -2/61      AC:  5    Str: 27    XL:     6   Next: 59%
Magic:  0/5        EV: 14    Int:  4    God:    Trog [***...]
Gold:   101        SH:  0    Dex:  9    Spells: 0 memorised, 5 levels left

rFire  . . .     SeeInvis .     n - +0 lajatang
rCold  . . .     Gourm    +     b - +0 animal skin
rNeg   . . .     Faith    .     (shield currently unavailable)
rPois  .         Spirit   +     (helmet restricted)
rElec  .         Reflect  .     (no cloak)
rCorr  .         Harm     .     (gloves unavailable)
MR     .....                    (boots unavailable)
Stlth  +.........               e - amulet of guardian spirit
                                (no ring)
                                m - +3 ring of evasion

@: no status effects
A: unfitting armour, claws 3, fast metabolism 3, gourmand, regeneration 1,
shaggy fur 1, tough skin 2
a: Berserk, Trog's Hand, Burn Spellbooks, Renounce Religion


You were on level 4 of the Dungeon.
You worshipped Trog.
Trog was most pleased with you.
You were very full.

You visited 1 branch of the dungeon, and saw 4 of its levels.

You collected 101 gold pieces.

Inventory:

Hand Weapons
 a - a +0 mace
 j - a +0 trident
 n - a +0 lajatang (weapon)
 o - a +0 morningstar
Missiles
 d - 44 sling bullets
 i - 4 needles of confusion
Armour
 b - a +0 animal skin (worn)
Jewellery
 e - an amulet of guardian spirit (around neck)
 m - a +3 ring of evasion (left claw)
Wands
 k - a wand of slowing (20/48)
Scrolls
 f - a scroll of teleportation
 l - 3 scrolls of remove curse
 q - a scroll of amnesia {unknown}
 r - a scroll of immolation {unknown}
Potions
 p - a potion of heal wounds {unknown}
Comestibles
 c - 2 bread rations
 g - 5 meat rations
 h - 2 chunks of flesh


   Skills:
 + Level 3.1 Fighting
 + Level 4.2(4.5) Maces & Flails
 + Level 1.6(3.0) Staves
 * Level 1.9 Throwing
 + Level 4.0 Dodging


You had 5 spell levels left.
You didn't know any spells.

Dungeon Overview and Level Annotations

Branches:
Dungeon (4/15)
 Temple: D:4-7

Altars:
Makhleb


Innate Abilities, Weirdness & Mutations

You are too large for most types of armour.
You have claws for hands.
Your metabolism is lightning-fast.
You like to eat raw meat.
Your natural rate of healing is unusually fast.
You are covered in fur. (AC +1)
You have very tough skin. (AC +2)


Message History

The gnoll is lightly wounded.
The gnoll closely misses you. The gnoll barely misses you.
You closely miss the gnoll.
The gnoll is lightly wounded.
The gnoll closely misses you. The gnoll completely misses you.
The gnoll hits you from afar with a spear.
* * * LOW HITPOINT WARNING * * *
You hit the gnoll.
The gnoll is moderately wounded.
The gnoll hits you with a halberd!
* * * LOW HITPOINT WARNING * * *
The gnoll hits you from afar with a spear.
The gnoll barely misses you. The gnoll closely misses you.
You hit the gnoll.
The gnoll is lightly wounded.
The gnoll misses you.
The gnoll hits you from afar with a halberd.
* * * LOW HITPOINT WARNING * * *
The gnoll hits you from afar with a spear!
You die...

#..........###########......)#
#>......().).................'
#..........###########.......#
#..g.......# #.......#
#g....###### #.......#
#.################ #.......#
#.##.............# #....#.##
#....(.......###.#####.####.##
#...........g@.g..............
####.........###.##....####.##
######....# #.##.#### ######
#.##.# #....# ######


You could see 2 gnolls.

Vanquished Creatures
  An ogre (D:3)
  A hound (D:2)
  An orc wizard (D:3)
  An orc priest (D:3)
  Jessica (D:2)
  2 gnolls (D:4)
  6 adders
  3 oozes
  A worm (D:2)
  4 dart slugs
  8 leopard geckos
  8 orcs
  6 giant cockroaches
  6 hobgoblins
  13 jackals
  5 kobolds
  A quokka (D:4)
  10 bats
  4 frilled lizards
  10 goblins
  13 rats
105 creatures vanquished.

Notes
Turn   | Place    | Note
-------+----------+-------------------------------------------
     0 | D:1      | Pixllover the Troll Berserker began the quest for the Orb.
     0 | D:1      | Reached XP level 1. HP: 22/22 MP: 0/0
   172 | D:1      | Reached XP level 2. HP: 10/29 MP: 1/1
   483 | D:1      | Reached XP level 3. HP: 36/36 MP: 2/2
   583 | D:1      | Reached ** piety under Trog
  1418 | D:2      | Reached XP level 4. HP: 44/44 MP: 3/3
  1745 | D:2      | Found a burning altar of Makhleb.
  1914 | D:2      | Reached *** piety under Trog
  2053 | D:2      | Noticed Jessica
  2066 | D:2      | Killed Jessica
  2066 | D:2      | Reached XP level 5. HP: 43/52 MP: 4/4
  2294 | D:3      | Reached skill level 1 in Throwing
  2490 | D:3      | HP: 2/52 [orc wizard/magic dart (3)]
  2543 | D:3      | Noticed an ogre
  2564 | D:3      | Killed an ogre
  2564 | D:3      | Reached skill level 1 in Staves
  2564 | D:3      | Reached XP level 6. HP: 48/61 MP: 5/5
  3251 | D:4      | Slain by a gnoll

Skill      XL: |  1  2  3  4  5  6 |
---------------+-------------------+-----
Maces & Flails | 3 4 |  4.2
Dodging        | 3 4 |  4.0
Throwing       | 1 |  1.9
Fighting       | 3 |  3.1
Staves         | 1 |  1.6

Action                   |  1- 3 |  4- 6 || total
-------------------------+-------+-------++-------
Melee: Mace              |   139 |   123 ||   262
       Lajatang          |       |   133 ||   133
Invok: Berserk           |     1 |     2 ||     3
       Burn Spellbooks   |       |     1 ||     1
  Use: Scroll            |     4 |     5 ||     9
       Potion            |     1 |       ||     1
  Eat: Chunk             |    19 |    19 ||    38
Armor: Animal skin       |    63 |   166 ||   229
Dodge: Dodged            |    99 |   371 ||   470
